 Dungeon Crawl Stone Soup version 0.31-a0-876-gfe8ebadbca (webtiles) character file.

Game seed: 16029779315836156720

7 BinkBink the Trooper (level 2, 0/32 HPs)
             Began as an Ogre Monk on Oct 13, 2023.
             Slain by an iguana (8 damage)
             ... on level 2 of the Dungeon.
             The game lasted 00:00:55 (1051 turns).

BinkBink the Trooper (Ogre Monk)                    Turns: 1051, Time: 00:00:56

Health: 0/32       AC:  4    Str: 14    XL:     2   Next: 4%
Magic:  2/2        EV:  8    Int: 11    God:
Gold:   81         SH:  7    Dex: 11    Spells: 1/1 levels left

rFire   . . .        a - +0 hand axe
rCold   . . .        m - +0 kite shield
rNeg    . . .        b - +0 robe
rPois   .            (helmet restricted)
rElec   .            j - +0 cloak
rCorr   .            (gloves unavailable)
SInv    .            (boots unavailable)
Will    .....        (no amulet)
Stlth   +            (no ring)
HPRegen 0.25/turn    (no ring)
MPRegen 0.08/turn

%: no passive effects
@: lethally poisoned (0 -> -1)
A: large, unfitting armour, tough skin 1
a: no special abilities


You were on level 2 of the Dungeon.
You visited 1 branch of the dungeon, and saw 2 of its levels.

You collected 81 gold pieces.

Inventory:

Hand Weapons
 a - a +0 hand axe (weapon)
Armour
 b - a +0 robe (worn)
 d - an orb of light
 j - a +0 cloak (worn)
 m - a +0 kite shield (worn)
Scrolls
 e - a scroll of enchant weapon {unknown}
 f - a scroll of poison {unknown}
 g - a scroll of identify {unknown}
 l - a scroll of teleportation {unknown}
Potions
 c - a potion of ambrosia
 h - a potion of heal wounds {unknown}
 i - a potion of curing {unknown}
 k - a potion of berserk rage {unknown}


   Skills:
 + Level 4.2 Fighting
 * Level 3.3 Axes
 - Level 2.6 Dodging
 + Level 0.0 Shields


You had one spell level left.
You didn't know any spells.
Your spell library was empty.

Dungeon Overview and Level Annotations

Branches:
Dungeon (2/15)

Altars:


Innate Abilities, Weirdness & Mutations

You are too large for most types of armour.
You have tough skin. (AC +1)


Message History

You finish taking off your orb of light.
You start putting on your armour.
You continue putting on your +0 kite shield. x5
You finish putting on your +0 kite shield.
Done exploring.
There is a stone staircase leading down here.
You climb downwards.
The adder hisses angrily.
Found a scroll labelled CAYMOB SOSEST, a shiny orb and a yellow potion.
There is a stone staircase leading up here.
An adder is nearby!
An adder is nearby!
An iguana comes into view.
The adder bites you.
You barely miss the adder. The adder barely misses you.
You block the adder's attack.
You miss the adder. The adder bites you but does no damage.
You block the adder's attack.
You slash the adder!
The adder is heavily wounded.
The adder bites you.
You are poisoned.
The adder poisons you! The adder barely misses you.
The iguana barely misses you.
You hit the adder but do no damage.
The adder is heavily wounded.
You hit the iguana.
You feel sick. The adder closely misses you. The iguana bites you.
You barely miss the adder.
The adder is heavily wounded.
You closely miss the iguana.
You feel sick. The adder bites you but does no damage. The iguana bites you!
* * * LOW HITPOINT WARNING * * *
You block the adder's attack.
You are too injured to fight recklessly!
You closely miss the adder.
The adder is heavily wounded.
You barely miss the iguana.
You feel sick. The adder bites you but does no damage. The iguana bites you!
You die...

###.###
.....# ...#.#
#....####
###.......##
##...!......#
#.......[...#
#....@S......
#?<#.l.......
#..#.........
#..##.###...#
#..##.# ...
......# .#
........ #
##..#### #..#


You could see an iguana and an adder.

Vanquished Creatures
  A bat (D:1)
  An endoplasm (D:1)
  2 quokkas (D:1)
  A ball python (D:1)
  2 rats (D:1)
7 creatures vanquished.

Notes
Turn   | Place    | Note
-------+----------+-------------------------------------------
     0 | D:1      | BinkBink the Ogre Monk began the quest for the Orb.
     0 | D:1      | Reached XP level 1. HP: 24/24 MP: 1/1
   675 | D:1      | Reached XP level 2. HP: 27/32 MP: 2/2
  1051 | D:2      | Slain by an iguana

Illustrated notes

Levels and vault maps discovered:
D:1:      minmay_arrival_three_doors, layout_basic, st_stairs_12
D:2:      layout_loops_ring, kennysheep_generic_room_3, uniq_terence

Action                     || total
---------------------------++-------
  Melee: Hand axe          ||    24
 Armour: Robe              ||    16
  Dodge: Dodged            ||    14
  Block: Kite shield       ||     3

Table legend: (Time is in decaauts)
 A = Elapsed time spent in this place.
 B = Non-inter-level travel time spent in this place.
 C = Inter-level travel time spent in this place.
 D = Time resting spent in this place.
 E = Time spent auto-exploring this place.
 F = Levels seen in this place.
 G = Mean time per level.
                   A        B        C        D        E       F      G
               +--------+--------+--------+--------+--------+-----+--------+
         Total |   1055 |    957 |     98 |      0 |    873 |   2 |  527.5 |
       Dungeon |   1055 |    957 |     98 |      0 |    873 |   2 |  527.5 |
               +--------+--------+--------+--------+--------+-----+--------+

Top non-repeatable levels by time:
     D:1: 1044 daAuts
     D:2: 10 daAuts
